 Dungeon Sprint DCSS version 0.23.2 (webtiles) character file.

Game seed: 2924231944144457492

109 Chiseanne the Fighter (level 4, -3/46 HPs)
             Began as a Demonspawn Wanderer on Apr 8, 2019.
             Killed from afar by Sigmund (6 damage)
             ... with a magic dart
             ... in the Dungeon (Sprint I: "Red Sonja").
             The game lasted 00:02:34 (438 turns).

Chiseanne the Fighter (Demonspawn Wanderer)          Turns: 438, Time: 00:02:35

Health: -3/46      AC:  3    Str: 13    XL:     4   Next: 59%
Magic:  4/4        EV: 10    Int: 12    God:
Gold:   54         SH:  0    Dex: 14    Spells: 3/3 levels left

rFire    . . .     SeeInvis .   a - +0 club
rCold    . . .     Gourm    .   (no shield)
rNeg     . . .     Faith    .   e - +0 leather armour
rPois    .         Spirit   .   (no helmet)
rElec    .         Reflect  .   (no cloak)
rCorr    .         Harm     .   (no gloves)
MR       .....     NoTele   +   (no boots)
Stlth    +.........             (no amulet)
HPRegen  0.15/turn              (no ring)
MPRegen  0.09/turn              (no ring)

@: no status effects
A: hooves 2, demonic guardian 1
a: no special abilities


You were in the Dungeon.
You were not hungry.

You visited 1 branch You collected 54 gold pieces.

Inventory:

Hand Weapons
 a - a +0 club (weapon)
Armour
 e - a +0 leather armour (worn)
Wands
 b - a wand of digging (1)
Scrolls
 l - a scroll of blinking
Potions
 j - 2 potions of magic
Comestibles
 f - a ration


   Skills:
 * Level 9.1 Fighting
 - Level 1.0 Throwing
   Level 3.0 Conjurations
   Level 2.0 Summonings
   Level 1.7 Transmutations
   Level 1.0 Ice Magic
 - Level 1.0 Evocations


You had 3 spell levels left.
You didn't know any spells.
Your spell library contained the following spells:

 Spells                   Type           Power        Failure   Level  Hunger
 Magic Dart               Conj           #...         12%         1    ##.....
 Searing Ray              Conj           #.....       19%         2    ###....
 Shock                    Conj/Air       #...         22%         1    ##.....
 Dazzling Spray           Conj/Hex       #.....       56%         3    ####...
 Mephitic Cloud           Conj/Pois/Air  #.......     63%         3    ####...
 Iskenderun's Mystic Bla  Conj           #.......     77%         4    #####..
 Force Lance              Conj/Tloc      #.......     92%         4    #####..
 Fulminant Prism          Conj/Hex       #.........   92%         4    #####..


Dungeon Overview and Level Annotations

Branches:
Dungeon (1/1)

Altars:

Annotations:
D Sigmund


Innate Abilities, Weirdness & Mutations

You have hoof-like feet.
A weak demonic guardian rushes to your aid.


Message History

Something hits you but does no damage.
You see here a +0 robe.
You hit something but do no damage. Your kick misses something.
Something hits you!
* * * LOW HITPOINT WARNING * * *
You feel much better.
You closely miss something. Something hits you!
You miss something. You kick something. Something hits you!
You barely miss something. Something hits you!
* * * LOW HITPOINT WARNING * * *
You hit something but do no damage. Something hits you!
* * * LOW HITPOINT WARNING * * *
You hit something. Something hits you.
* * * LOW HITPOINT WARNING * * *
You miss something. You kick something. You miss something.
You hear some strange, mumbled words.
A magic dart appears from out of thin air!
The magic dart hits you.
You die...

#############
#<.#..)..#..+
#..'@{#..'..#
#..#####'####
#..# #..#
#..# ####
#..# #⌠⌠#
####


There were no monsters in sight!

Vanquished Creatures
  An ogre (D)
  Ijyb (D)
2 creatures vanquished.

Notes
Turn   | Place    | Note
-------+----------+-------------------------------------------
     0 | D        | Chiseanne the Demonspawn Wanderer began the quest for the
                  | Orb.
     0 | D        | Chiseanne set off with the following items: a +0 club, a
                  | potion of lignification, a +0 robe, a ration, a potion of
                  | curing, a potion of heal wounds, a potion of haste, 2
                  | potions of magic, a potion of berserk rage, a scroll of
                  | blinking; and the following spells available to memorise:
                  | Magic Dart, Searing Ray, Shock, Dazzling Spray, Mephitic
                  | Cloud, Iskenderun's Mystic Blast, Force Lance, Fulminant
                  | Prism
     0 | D        | Reached XP level 1. HP: 13/13 MP: 1/1
     2 | D        | Noticed Ijyb
    27 | D        | Killed Ijyb
    27 | D        | Reached skill level 5 in Fighting
    27 | D        | Gained mutation: You have large cloven feet. [demonic
                  | ancestry]
    27 | D        | Reached XP level 2. HP: 27/27 MP: 2/2
   127 | D        | Noticed an ogre
   142 | D        | Killed an ogre
   142 | D        | Reached skill level 9 in Fighting
   142 | D        | Gained mutation: A weak demonic guardian rushes to your
                  | aid. [demonic ancestry]
   142 | D        | Reached XP level 3. HP: 11/39 MP: 3/3
   142 | D        | Gained mutation: You have hoof-like feet. [demonic
                  | ancestry]
   142 | D        | Reached XP level 4. HP: 13/46 MP: 4/4
   401 | D        | Noticed Sigmund
   438 | D        | Killed from afar by Sigmund

Skill      XL: |  1  2 |
---------------+-------+-----
Fighting       | 5 9 |  9.1
Throwing       | |  1.0
Conjurations   | |  3.0
Summonings     | |  2.0
Transmutations | |  1.7
Ice Magic      | |  1.0
Evocations     | |  1.0

Action                   |  1- 3 |  4- 6 || total
-------------------------+-------+-------++-------
Melee: Club              |    36 |     8 ||    44
       Kick              |       |     2 ||     2
  Use: Potion            |     3 |     2 ||     5
Armor: Robe              |     2 |       ||     2
       Skin              |     6 |       ||     6
       Leather armour    |       |     1 ||     1
Dodge: Dodged            |    15 |     1 ||    16
